 Dungeon Crawl Stone Soup version 0.30-a0-956-gcec3b41aec (webtiles) character file.

Game seed: 17802442556943461493

315 vishdafish the Conjurer (level 6, 41/41 HPs)
             Began as a Demonspawn Conjurer on Mar 30, 2023.
             Quit the game on level 4 of the Dungeon.
             The game lasted 00:03:27 (3405 turns).

vishdafish the Conjurer (Demonspawn Conjurer)       Turns: 3405, Time: 00:03:27

Health: 41/41      AC:  5    Str:  7    XL:     6   Next: 19%
Magic:  12/12      EV: 12    Int: 22    God:
Gold:   108        SH:  0    Dex: 11    Spells: 12/13 levels left

rFire   . . .      SeeInvis .    r - +0 short sword
rCold   + . .      Faith    .    (no shield)
rNeg    . . .      Spirit   .    j - +2 robe {rC+}
rPois   .          Reflect  .    (helmet restricted)
rElec   .          Rampage  .    (no cloak)
rCorr   .                        (no gloves)
Will    .....                    (no boots)
Stlth   ++                       (no amulet)
HPRegen 0.26/turn                (no ring)
MPRegen 0.13/turn                (no ring)

@: no status effects
A: horns 1, spiny 1, sharp scales 1
a: no special abilities


You were on level 4 of the Dungeon.
You visited 1 branch of the dungeon, and saw 4 of its levels.

You collected 144 gold pieces.
You spent 36 gold pieces at shops.

Inventory:

Hand Weapons
 c - a +0 club
 r - a +0 short sword (weapon)
Missiles
 o - 4 javelins
Armour
 a - a +0 robe
 j - a +2 robe of cold resistance (worn)
Jewellery
 p - a ring of positive energy
 q - a ring of resist corrosion
 t - a +5 ring of evasion
Scrolls
 g - a scroll of amnesia {unknown}
 h - a scroll of silence {unknown}
 i - a scroll of identify {unknown}
 k - a scroll of enchant armour {unknown}
 n - 2 scrolls of teleportation
Potions
 b - a potion of magic
 d - 3 potions of heal wounds {unknown}
 e - a potion of resistance {unknown}
 f - a potion of lignification {unknown}
 l - a potion of might {unknown}
 m - 3 potions of attraction {unknown}
 s - a potion of haste {unknown}


   Skills:
 - Level 1.7 Dodging
 - Level 1.7 Stealth
 + Level 4.4 Spellcasting
 + Level 6.0 Conjurations


You had 12 spell levels left.
You knew the following spells:

 Your Spells              Type           Power      Damage    Failure   Level
a - Magic Dart            Conj           100%       1d8       1%          1

Your spell library contained the following spells:

 Spells                   Type           Power      Damage    Failure   Level
 Searing Ray              Conj           62%        2d6       1%          2
 Dazzling Flash           Conj/Hex       36%        N/A       10%         3
 Fulminant Prism          Conj/Hex       9%         3d7       30%         4
 Iskenderun's Mystic Bla  Conj/Tloc      18%        2d6       30%         4
 Ozocubu's Armour         Ice            4%         N/A       32%         3
 Metabolic Englaciation   Hex/Ice        2%         N/A       96%         5
 Simulacrum               Ice/Necr       2%         N/A       100%        6


Dungeon Overview and Level Annotations

Branches:
Dungeon (4/15)
 Temple: D:4-7

Altars:
Trog

Shops:
D:3 ?


Innate Abilities, Weirdness & Mutations

You have a pair of small horns on your head.
You are partially covered in sharp spines.
You are partially covered in razor-sharp scales. (AC +1, Slay +1)


Message History

Things that are here:
a +0 whip; a +0 leather armour You now have 108 gold pieces (gained 13).
Things that are here:
a +0 short sword; a +0 leather armour; an orc corpse
r - a +0 short sword
r - a +0 short sword (weapon)
HP restored.
Magic restored.
Things that are here:
a +0 whip; a +0 leather armour
Items here: )) [ †.
s - a white potion
t - a +5 ring of evasion
Found a stone staircase leading up.
Menkaure, Prince of Dust comes into view.
Menkaure is nearby!
Menkaure is nearby!
The magic dart hits Menkaure!
Menkaure is moderately damaged.
The magic dart hits Menkaure.
Menkaure is heavily damaged.
The magic dart hits Menkaure!
Menkaure is almost destroyed.
Menkaure calls on the powers of darkness!
Your body is wracked with pain!
The magic dart hits Menkaure.
Menkaure is almost destroyed.
The magic dart hits Menkaure.
You destroy Menkaure!
Your Conjurations skill increases to level 6!
You have reached level 6!
Your demonic ancestry asserts itself...
Sharp spines emerge from parts of your body.
A goblin comes into view. It is wielding a +0 dagger.
The goblin shouts!
The goblin unwields a +0 dagger.
The goblin wields a +0 sling.
The goblin shoots a sling bullet.
The sling bullet closely misses you.
You hear an angry hiss.
You hear a shout!
Are you sure you want to abandon this character and quit the game? (Confirm with "yes".)

#..#######.
#..........
#..#######.
##########..#
............#
#####.....#
#.###.#
#.###.######
#...@.......
####..######
##.# .# .# .g
.# .#


You could see a goblin.

Vanquished Creatures
  Menkaure (D:4)
  An orc priest (D:4)
  An orc wizard (D:3)
  A gnoll (D:2)
  3 adders (D:3)
  2 worms (D:2)
  4 dart slugs
  7 orcs
  5 bats
  7 endoplasms
  6 giant cockroaches
  2 goblins
  7 hobgoblins
  7 jackals
  8 kobolds
  A quokka (D:1)
  5 ball pythons
  A frilled lizard (D:2)
  10 rats
79 creatures vanquished.

Notes
Turn   | Place    | Note
-------+----------+-------------------------------------------
     0 | D:1      | vishdafish the Demonspawn Conjurer began the quest for the
                  | Orb.
     0 | D:1      | Reached XP level 1. HP: 13/13 MP: 3/3
   140 | D:1      | Gained mutation: You are partially covered in razor-sharp
                  | scales. (AC +1, Slay +1) [demonic ancestry]
   140 | D:1      | Reached XP level 2. HP: 19/19 MP: 1/5
   672 | D:1      | Gained mutation: You have a pair of small horns on your
                  | head. [demonic ancestry]
   672 | D:1      | Reached XP level 3. HP: 17/24 MP: 1/7
  1440 | D:2      | Found a bloodstained altar of Trog.
  1811 | D:2      | Reached XP level 4. HP: 30/30 MP: 4/8
  2292 | D:3      | Reached skill level 5 in Conjurations
  2529 | D:3      | Found Zeogas's Magic Scroll Boutique.
  2645 | D:3      | Bought a scroll of teleportation for 36 gold pieces
  2705 | D:3      | Reached XP level 5. HP: 35/35 MP: 7/10
  3294 | D:4      | Noticed Menkaure
  3299 | D:4      | Killed Menkaure
  3300 | D:4      | Reached skill level 6 in Conjurations
  3300 | D:4      | Gained mutation: You are partially covered in sharp spines.
                  | [demonic ancestry]
  3300 | D:4      | Reached XP level 6. HP: 23/41 MP: 6/12
  3405 | D:4      | Quit the game

Illustrated notes

Levels and vault maps discovered:
D:1:      wander_arrival_estate, layout_loops_ring, hangedman_decor_riveting,
          minivault_19
D:2:      layout_basic, basic_altar, st_stairs_3
D:3:      layout_rooms, serial_shops, shop
D:4:      layout_loops_ring, lemuel_tele_altar,
          mainiacjoe_overflow_concentric_impassable,
          minmay_temple_entry_antechambers, st_stairs_14, uniq_menkaure,
          uniq_blork_the_orc

Skill      XL: |  1  2  3  4  5 |
---------------+----------------+-----
Spellcasting   | 3 4 |  4.4
Conjurations   | 5 6 |  6.0
Dodging        | |  1.7
Stealth        | |  1.7

Action                     |  1- 3 |  4- 6 || total
---------------------------+-------+-------++-------
  Melee: Club              |    24 |     7 ||    31
         Headbutt          |     2 |       ||     2
   Cast: Magic Dart        |    92 |    84 ||   176
 Armour: Robe              |    11 |     3 ||    14
  Dodge: Dodged            |    30 |     8 ||    38

Table legend: (Time is in decaauts)
 A = Elapsed time spent in this place.
 B = Non-inter-level travel time spent in this place.
 C = Inter-level travel time spent in this place.
 D = Time resting spent in this place.
 E = Time spent auto-exploring this place.
 F = Levels seen in this place.
 G = Mean time per level.
                   A        B        C        D        E       F      G
               +--------+--------+--------+--------+--------+-----+--------+
         Total |   3412 |   3365 |     47 |      0 |   2970 |   4 |  853.0 |
       Dungeon |   3412 |   3365 |     47 |      0 |   2970 |   4 |  853.0 |
               +--------+--------+--------+--------+--------+-----+--------+

Top non-repeatable levels by time:
     D:1: 1325 daAuts
     D:2: 915 daAuts
     D:3: 890 daAuts
     D:4: 280 daAuts
